AoeStats
← JohnLemond

Arena

510008673Analyzed
1v1 RM · 3d ago on Sep 29, 2026· 55m 55s· 2 players
Game mode
Random Map
Map size
Tiny (2 player)
Population
200
Speed
Normal
Resources
Standard
Victory
Conquest
Starting age
Dark Age
Ending age
Imperial Age
RankedLock teamsTeams togetherTeam positionsShared explorationLock speedFull tech treeHidden civsTurbo modeCheats
Victory
Defeat
🇺🇸 Italians · United States
1114
+16
🇺🇸 Franks · United States
1117
-16
JohnLemond
8:51 Loom
10:42 Feudal Age
11:36 Double-Bit Axe
14:50 Castle Age
15:29 Pikeman
17:27 Wheelbarrow
17:44 Pikeman
24:51 Fletching
27:54 Bodkin Arrow
27:38 Light Cavalry
29:03 Ballistics
29:59 Padded Archer Armor
29:54 Horse Collar
32:20 Leather Archer Armor
36:15 Imperial Age
34:20 Scale Barding Armor
36:45 Heavy Plow
36:22 Elite Genoese Crossbowman
37:12 Bracer
38:26 Chemistry
38:35 Ring Archer Armor
39:32 Hussar
40:36 Chain Barding Armor
42:50 Bloodlines
43:36 Forging
47:17 Plate Barding Armor
47:58 Conscription
54:28 Iron Casting
54:29 Masonry
Murk of Arabia
11:34 Feudal Age
12:59 Loom
15:49 Castle Age
15:51 Double-Bit Axe
17:22 Bow Saw
17:41 Fletching
20:41 Gold Mining
23:23 Stone Mining
24:11 Gold Shaft Mining
28:41 Bodkin Arrow
28:46 Padded Archer Armor
30:11 Wheelbarrow
31:25 Leather Archer Armor
34:46 Imperial Age
32:52 Elite Skirmisher
33:39 Husbandry
33:17 Pikeman
34:19 Scale Mail Armor
34:30 Forging
34:25 Scale Barding Armor
34:58 Ballistics
34:49 Fortified Wall
34:19 Ordonnance Companies
35:26 Hand Cart
34:58 Town Watch
36:15 Block Printing
35:33 Halberdier
36:15 Squires
41:30 Chain Barding Armor
41:25 Chain Mail Armor
41:46 Iron Casting
43:46 Plate Barding Armor
43:41 Plate Mail Armor
48:33 Chemistry
47:44 Masonry
48:15 Conscription
50:28 Blast Furnace
52:09 Cavalier
Connection lost

Rejoining the realm…

Still unreachable

The connection could not be restored.

Session expired

The server has moved on; the page needs a fresh start.